Map: [ESL] Tropical Sacrifice

Players

HeroMarine

  • Race: Terran Terran
  • Spawn Location: 1:00

Lambo - Winner!

  • Race: Zerg Zerg
  • Spawn Location: 7:00

Event: DreamHack SC2 Masters 2022 Valencia

VOD

Have the link to the VOD?

Description

Time

  • Played on: July 1, 2022, 1:27 p.m.
  • Length: 13:27

All games in this series

Show
View Real Time Build Order
Export as new Build Order

HeroMarine Terran 

Build Orders: Reaper Expand 

Get SALT Encoding   

  12  0:00  SCV  
  13  0:12  SCV  
  14  0:17  Supply Depot  
  14  0:24  SCV  
  15  0:39  SCV  
  15  0:40  Barracks  
  16  0:44  Refinery  
  16  0:51  SCV  
  17  1:03  SCV  
  18  1:15  SCV  
  19  1:27  Orbital Command, Reaper  
  20  1:41  Command Center  
  20  1:50  Supply Depot  
  20  1:53  SCV  
  21  1:58  Marine  
  22  2:05  SCV  
  23  2:14  Factory  
  23  2:17  SCV  
  23  2:21  Barracks Reactor  
  24  2:29  SCV  
  25  2:41  SCV  
  26  2:44  Command Center  
  26  2:53  SCV  
  26  2:54  Orbital Command  
  27  3:00  Starport  
  27  3:05  SCV  
  27  3:07  Refinery  
  27  3:11  Hellion  
  30  3:14  Hellion  
  30  3:18  SCV  
  30  3:19  Marine  
  34  3:27  SCV  
  34  3:30  SCV  
  34  3:32  Hellion  
  38  3:35  Hellion  
  38  3:38  Viking  
  38  3:41  SCV  
  43  3:42  SCV  
  44  3:53  SCV  
  44  3:55  SCV  
  46  3:57  Orbital Command, Fusion Core  
  46  4:00  Refinery  
  46  4:05  Hellion  
  46  4:07  Hellion  
  46  4:08  SCV  
  51  4:11  SCV  
  52  4:17  Starport Tech Lab  
  52  4:20  Supply Depot  
  52  4:21  SCV  
  52  4:23  SCV  
  54  4:24  SCV  
  54  4:29  Hellion x2  
  59  4:33  SCV  
  59  4:34  Supply Depot  
  59  4:35  SCV  
  61  4:42  SCV  
  61  4:44  Supply Depot  
  62  4:51  Battlecruiser  
  68  4:56  Orbital Command, Hellion  
  68  4:57  Hellion  
  68  4:58  SCV x2  
  74  5:03  Barracks Tech Lab  
  74  5:10  SCV x2  
  74  5:14  Engineering Bay  
  74  5:15  Engineering Bay  
  74  5:22  SCV x2, Supply Depot  
  74  5:26  Factory Reactor, Stimpack  
  74  5:28  Barracks  
  76  5:29  Barracks, SCV  
  76  5:32  Marine  
  76  5:34  SCV x2  
  76  5:35  Orbital Command  
  80  5:42  Factory Tech Lab  
  76  5:50  Marauder  
  76  5:53  Bunker  
  77  6:00  Battlecruiser  
  77  6:03  Cyclone  
  76  6:11  Marine  
  71  6:15  SCV  
  71  6:16  Marine x2  
  71  6:17  Marine  
  70  6:23  SCV  
  56  6:27  Orbital Command  
  56  6:29  Marine  
  46  6:34  Marine x3  
  46  6:36  SCV  
  44  6:43  SCV  
  42  6:48  SCV  
  42  6:53  SCV  
  42  7:00  SCV  
  42  7:01  SCV  
  44  7:05  SCV  
  45  7:12  SCV  
  45  7:13  SCV  
  47  7:17  SCV  
  48  7:24  SCV, Marine x4  
  48  7:26  Battlecruiser  
  48  7:29  SCV x2  
  61  7:41  Marine x2  
  61  7:42  SCV, Marine x2  
  61  7:43  SCV  
  61  8:02  Weapon Refit  
  61  8:10  Supply Depot  
  61  8:11  Supply Depot  
  61  8:26  Supply Depot x2  
  61  8:31  Marine x4  
  61  8:32  Siege Tank  
  68  8:43  SCV  
  68  8:44  SCV  
  68  8:45  SCV  
  70  8:49  Marine x4  
  73  8:57  SCV x3  
  73  9:07  Marine x4  
  73  9:09  SCV x3  
  73  9:15  Siege Tank  
  74  9:21  SCV x2  
  76  9:25  Marine x2  
  76  9:26  Refinery x2  
  76  9:27  Terran Infantry Weapons Level 1  
  76  9:28  Terran Infantry Armor Level 1  
  78  9:33  SCV, Marine  
  78  9:34  Marine  
  78  9:35  SCV  
  78  9:37  SCV  
  78  9:38  Supply Depot  
  82  9:43  Marine x2  
  82  9:45  SCV  
  85  9:47  SCV  
  85  9:51  Marine x2  
  85  9:52  SCV  
  89  9:57  Siege Tank  
  89  9:59  SCV  
  94  10:00  SCV  
  94  10:01  Marine  
  94  10:05  SCV  
  96  10:09  Marine x2  
  96  10:11  SCV  
  96  10:12  SCV, Barracks Reactor  
  96  10:13  Starport Reactor  
  100  10:17  Refinery  
  100  10:20  Barracks  
  101  10:22  Barracks  
  101  10:27  SCV  
  101  10:28  Supply Depot  
  101  10:29  Supply Depot  
  101  10:31  Combat Shield  
  101  10:44  Refinery  
  101  10:46  Supply Depot  
  101  10:47  SCV x3, Marine x3  
  107  10:52  Siege Tank  
  110  10:57  Supply Depot  
  110  10:59  Missile Turret  
  110  11:00  SCV x3  
  110  11:01  Medivac  
  110  11:02  Medivac  
  117  11:06  Marine x2  
  117  11:07  Marine  
  117  11:10  Barracks Reactor  
  118  11:12  SCV x3, Marine  
  118  11:13  Supply Depot  
  124  11:23  Marauder x2  
  124  11:24  SCV x3  
  129  11:28  Marine x3  
  129  11:30  Armory  
  132  11:33  Siege Tank  
  132  11:35  Medivac, Sensor Tower  
  137  11:40  Missile Turret  
  137  11:41  Medivac  
  139  11:48  Marine x4  
  139  11:50  Bunker, Marine  
  139  11:53  Marine  
  145  11:55  Concussive Shells  
  145  11:57  Missile Turret, Marauder  
  145  12:01  Marauder  
  149  12:11  Supply Depot  
  149  12:12  Supply Depot  
  149  12:30  Supply Depot  
  149  12:31  Supply Depot  
  149  12:32  Medivac x2, Marine x4  
  149  12:33  Marine x2  
  149  12:34  Siege Tank, Supply Depot, Marauder  
  164  12:50  Marine  
  165  12:51  Marine x3  
  165  12:52  Marauder  
  165  12:55  Marauder  
  145  12:59  Marine x2  
  119  13:08  Marine  
  119  13:09  Marine x3  
Show
View Real Time Build Order
Export as new Build Order

Lambo Zerg - Winner!

Build Orders: Hatch First 

Get SALT Encoding   

  12  0:00  Drone  
  13  0:13  Overlord  
  13  0:18  Drone  
  14  0:31  Drone x2  
  16  0:50  Hatchery  
  16  0:53  Drone  
  16  0:56  Drone  
  17  1:00  Drone  
  18  1:11  Extractor  
  17  1:15  Spawning Pool  
  16  1:19  Drone  
  16  1:21  Drone  
  18  1:28  Drone  
  19  1:39  Drone  
  20  1:49  Drone  
  21  2:02  Queen x2  
  21  2:03  Zergling x4  
  27  2:13  Overlord, Drone  
  28  2:23  Hatchery  
  28  2:26  Drone  
  28  2:33  Drone x2  
  29  2:38  Spore Crawler  
  29  2:40  Queen  
  31  2:48  Overlord  
  31  2:52  Drone x2  
  31  2:55  Metabolic Boost  
  34  2:58  Drone  
  34  3:01  Drone  
  35  3:10  Queen  
  35  3:11  Drone x2  
  39  3:13  Drone  
  39  3:17  Drone x2  
  42  3:25  Drone  
  43  3:29  Overlord  
  43  3:30  Overlord  
  43  3:34  Queen  
  43  3:41  Drone  
  48  3:44  Drone  
  48  3:48  Drone  
  50  3:52  Drone  
  50  3:53  Drone x3  
  54  3:56  Drone x3  
  54  4:02  Roach Warren  
  56  4:04  Extractor x2  
  56  4:05  Drone  
  56  4:07  Zergling x2  
  56  4:09  Drone  
  56  4:11  Drone x3  
  56  4:15  Overlord  
  57  4:26  Overlord  
  57  4:30  Overlord  
  57  4:34  Overlord  
  57  4:46  Roach x8  
  57  4:47  Overlord  
  57  4:51  Roach  
  57  4:52  Roach  
  77  4:59  Roach  
  81  5:00  Roach  
  81  5:02  Overlord  
  81  5:06  Roach x3  
  87  5:07  Ravager  
  87  5:11  Overlord  
  87  5:12  Zergling x6  
  87  5:20  Zergling x6  
  90  5:31  Overlord, Ravager x3  
  90  5:32  Zergling x4  
  95  5:38  Zergling x8  
  95  5:42  Overlord  
  99  5:44  Overlord  
  98  5:50  Zergling x4  
  98  5:51  Roach  
  98  5:52  Roach x3  
  99  5:58  Zergling x4  
  99  6:00  Zergling x2  
  99  6:02  Drone  
  101  6:06  Drone x3  
  101  6:09  Ravager x4  
  104  6:11  Queen x2  
  104  6:12  Drone x4  
  104  6:13  Drone  
  104  6:16  Drone  
  106  6:21  Zergling x6  
  106  6:24  Spore Crawler x3, Drone x2  
  101  6:31  Ravager  
  101  6:32  Drone x3  
  94  6:38  Ravager, Drone x6  
  90  6:41  Drone  
  90  6:46  Drone  
  88  6:48  Drone  
  88  6:52  Drone x4  
  88  6:54  Lair  
  88  6:55  Extractor  
  88  6:58  Evolution Chamber  
  88  6:59  Evolution Chamber  
  80  7:02  Queen x2  
  80  7:03  Extractor  
  80  7:04  Zergling x12  
  80  7:05  Extractor  
  88  7:10  Spore Crawler  
  88  7:13  Drone x3  
  87  7:20  Spore Crawler  
  84  7:25  Spore Crawler, Drone x3  
  84  7:28  Drone x3  
  88  7:35  Drone x4  
  90  7:38  Queen x2  
  90  7:43  Drone x4  
  98  7:47  Drone x2  
  98  7:49  Drone  
  97  7:54  Drone x3  
  97  7:56  Drone  
  99  8:03  Extractor  
  95  8:12  Spire, Hatchery  
  93  8:18  Spore Crawler, Zerg Ground Armor Level 1  
  92  8:23  Drone x3  
  95  8:29  Roach x5  
  95  8:30  Glial Reconstitution  
  105  8:34  Roach  
  105  8:35  Baneling Nest  
  105  8:37  Roach  
  105  8:38  Roach  
  105  8:40  Roach  
  112  8:44  Roach x3  
  118  8:53  Queen  
  118  8:55  Roach x3  
  122  9:04  Spore Crawler, Queen  
  122  9:05  Spore Crawler  
  122  9:09  Queen  
  113  9:11  Zergling x14  
  118  9:23  Corruptor x2  
  119  9:32  Ravager  
  119  9:33  Ravager  
  119  9:39  Corruptor x2  
  119  9:42  Drone x4  
  119  9:44  Drone  
  119  9:47  Corruptor  
  119  9:52  Corruptor  
  117  9:55  Drone x4  
  117  9:57  Drone  
  120  10:00  Drone x3  
  120  10:04  Centrifugal Hooks  
  120  10:06  Drone  
  120  10:07  Drone  
  125  10:08  Drone  
  125  10:10  Zerg Missile Weapons Level 1  
  125  10:11  Roach  
  128  10:18  Overlord x2  
  128  10:31  Hatchery  
  128  10:33  Extractor  
  128  10:35  Zerg Ground Armor Level 2, Overlord  
  126  10:38  Zerg Flyer Weapons Level 1  
  126  10:39  Overlord  
  126  10:40  Corruptor  
  126  10:41  Corruptor x2  
  132  10:43  Drone x3  
  132  10:46  Corruptor  
  132  10:49  Ravager  
  138  10:51  Drone x3  
  138  10:52  Zergling x6  
  138  10:57  Corruptor x2  
  144  10:59  Zergling x6  
  151  11:06  Corruptor  
  151  11:10  Zergling x14  
  159  11:21  Queen  
  159  11:23  Drone x2  
  159  11:25  Overlord x2  
  159  11:28  Overlord  
  159  11:35  Overlord  
  159  11:37  Overlord  
  159  11:42  Corruptor x3, Queen x3, Overlord  
  159  11:44  Zergling x4  
  159  11:45  Zergling x6  
  159  11:46  Baneling x4  
  159  11:47  Ravager  
  177  11:51  Zergling x10  
  182  11:55  Baneling x5  
  182  11:58  Zergling x8  
  186  12:04  Zergling x4  
  186  12:07  Infestation Pit  
  187  12:11  Baneling x4  
  187  12:14  Zergling x8  
  190  12:21  Zergling x2  
  190  12:22  Zergling x14  
  198  12:41  Baneling x10  
  198  12:44  Zergling x2, Hatchery  
  199  12:48  Extractor, Drone  
  197  12:53  Zergling x10  
  197  12:58  Zergling x32  
  196  13:00  Zergling x2  
  180  13:05  Zergling x16  
  180  13:10  Zergling x8  
  175  13:14  Ravager  

Tags
 
Add a new tag
Caveats
  • Supply blocks, unpowered buildings, or Contaminate may cause inaccurate times.
  • Supply counts are checked every 10 seconds.